AoeStats
← PHOINIX

African Clearing

504646925Analyzed
4v4 RM · 25d ago on Sep 6, 2026· 39m 39s· 8 players
Game mode
Random Map
Map size
Large (8 player)
Population
200
Speed
Normal
Resources
Standard
Victory
Conquest
Starting age
Dark Age
Ending age
Imperial Age
RankedLock teamsTeams togetherTeam positionsShared explorationLock speedFull tech treeHidden civsTurbo modeCheats
Victory
Defeat
🇦🇷 Vietnamese · Argentina
1185
+11
🇦🇷 Berbers · Argentina
1149
+13
🇦🇷 Magyars · Argentina
1136
+13
🇦🇷 Italians · Argentina
959
+21
🇨🇱 Persians · Chile
1155
-18
🇨🇱 Koreans · Chile
1125
-17
🇨🇱 Celts · Chile
1019
-12
🇨🇱 Italians · Chile
980
-11
-LN-MikeElMagnanimo
3:24 Loom
15:46 Feudal Age
17:29 Double-Bit Axe
18:12 Fletching
20:49 Castle Age
19:18 Gold Mining
21:48 Bodkin Arrow
24:17 Thumb Ring
26:19 Bloodlines
30:50 Horse Collar
32:41 Ballistics
36:44 Stone Mining
38:35 Scale Barding Armor
39:29 Heavy Plow
40:05 Wheelbarrow
Arielituzzz
4:20 Loom
28:31 Feudal Age
31:28 Horse Collar
35:14 Castle Age
33:40 Double-Bit Axe
34:02 Gold Mining
36:55 Bow Saw
36:39 Fletching
36:49 Padded Archer Armor
37:58 Wheelbarrow
37:51 Stone Mining
40:06 Forging
40:02 Scale Barding Armor
PHOINIX
3:13 Loom
14:00 Feudal Age
15:08 Double-Bit Axe
15:31 Gold Mining
20:18 Castle Age
18:26 Stone Mining
18:58 Fletching
22:48 Wheelbarrow
23:00 Stone Shaft Mining
22:37 Bow Saw
25:09 Ballistics
28:31 Horse Collar
29:18 Heavy Plow
30:43 Hand Cart
31:06 Bodkin Arrow
32:01 Padded Archer Armor
33:00 Thumb Ring
35:30 Leather Archer Armor
36:59 Town Watch
Rototom
9:35 Loom
13:00 Feudal Age
13:51 Double-Bit Axe
17:24 Horse Collar
20:13 Gold Mining
24:05 Castle Age
23:01 Bloodlines
24:08 Scale Barding Armor
24:14 Forging
25:54 Husbandry
30:41 Wheelbarrow
31:16 Fletching
36:38 Bow Saw
39:17 Iron Casting
fack1u
13:32 Feudal Age
14:18 Feudal Age
13:36 Loom
17:52 Castle Age
19:35 Forging
19:31 Scale Barding Armor
29:28 Stone Mining
29:36 Double-Bit Axe
35:25 Bow Saw
garu
5:03 Loom
14:25 Feudal Age
16:23 Double-Bit Axe
18:10 Horse Collar
20:05 Man-at-Arms
23:22 Castle Age
21:24 Man-at-Arms
23:39 Scale Mail Armor
24:11 Long Swordsman
24:37 Gambesons
25:06 Arson
32:24 Padded Archer Armor
32:38 Fletching
33:13 Heavy Plow
33:49 Elite Skirmisher
34:39 Town Watch
36:01 Bodkin Arrow
38:58 Chain Mail Armor
rodrericko
5:47 Loom
Elo Musk
13:26 Feudal Age
13:54 Double-Bit Axe
18:55 Castle Age
25:16 Bow Saw
25:17 Scale Mail Armor
27:33 Loom
34:39 Fletching
34:55 Horse Collar
35:50 Forging
39:05 Elite Skirmisher
Connection lost

Rejoining the realm…

Still unreachable

The connection could not be restored.

Session expired

The server has moved on; the page needs a fresh start.